AoeStats
← Goku_San

Oasis

508658711Analyzed
4v4 RM · 9d ago on Sep 23, 2026· 58m 43s· 8 players
Game mode
Random Map
Map size
Large (8 player)
Population
200
Speed
Normal
Resources
Standard
Victory
Conquest
Starting age
Dark Age
Ending age
Imperial Age
RankedLock teamsTeams togetherTeam positionsShared explorationLock speedFull tech treeHidden civsTurbo modeCheats
Victory
Defeat
1313
+14
🇧🇩 Mongols · Bangladesh
1279
+15
🇹🇼 Ethiopians · Taiwan
1262
+16
🇨🇳 Danes · China
1238
+17
🇭🇰 Tatars · Hong Kong SAR China
1310
-17
🇮🇱 Varangians · Israel
1288
-17
🇹🇷 Vietnamese · Türkiye
1256
-15
🇨🇳 Portuguese · China
1207
-13
只爆叉叉
12:29 Feudal Age
13:41 Double-Bit Axe
16:06 Castle Age
14:12 Arson
14:30 Scale Mail Armor
14:17 Horse Collar
16:57 Bow Saw
17:10 Squires
19:37 Forging
25:46 Heavy Plow
27:22 Wheelbarrow
26:35 Loom
27:47 Pikeman
28:00 Pikeman
30:53 Iron Casting
30:39 Chain Mail Armor
32:05 Stone Mining
32:12 Gold Mining
34:25 Gold Shaft Mining
37:03 Imperial Age
34:52 Hand Cart
36:24 Iron Casting
35:44 Hamask
39:33 Plate Mail Armor
40:03 Blast Furnace
39:29 Conscription
38:34 Halberdier
39:31 Elite Varangian Guard
45:02 Gambesons
44:38 Man-at-Arms
45:21 Long Swordsman
46:13 Two-Handed Swordsman
47:21 Caravan
48:04 Champion
50:19 Capped Ram
51:08 Siege Engineers
51:26 Siege Ram
56:15 Heavy Scorpion
58:10 Chemistry
57:30 Ballistics
Ejatch Lemayahu Gewodros
6:46 Loom
12:42 Feudal Age
17:03 Castle Age
15:24 Double-Bit Axe
16:21 Horse Collar
25:06 Wheelbarrow
27:11 Stone Mining
27:15 Gold Mining
28:25 Hand Cart
29:01 Ballistics
29:32 Gold Shaft Mining
30:50 Heavy Plow
31:05 Forging
31:02 Scale Barding Armor
31:29 Bimaristan
34:35 Imperial Age
32:38 Husbandry
32:48 Bloodlines
31:59 Light Cavalry
32:54 Fervor
33:45 Sanctity
34:23 Iron Casting
34:08 Chain Barding Armor
34:52 Elite Mameluke
35:52 Conscription
36:40 Hussar
40:50 Blast Furnace
40:26 Plate Barding Armor
40:52 Chemistry
39:58 Siege Engineers
43:49 Counterweights
44:04 Caravan
55:25 Bow Saw
55:45 Bow Saw
[UZN] Yen Lo
4:05 Loom
10:43 Feudal Age
17:10 Fletching
17:26 Horse Collar
22:39 Castle Age
22:59 Crossbowman
26:18 Double-Bit Axe
31:43 Bodkin Arrow
33:36 Ballistics
34:50 Wheelbarrow
34:46 Padded Archer Armor
37:58 Thumb Ring
43:59 Imperial Age
44:04 Arbalester
44:48 Bracer
46:49 Chemistry
48:01 Leather Archer Armor
54:58 Ring Archer Armor
Gunslinger
5:52 Loom
8:59 Feudal Age
9:35 Double-Bit Axe
9:34 Horse Collar
21:04 Castle Age
22:20 Bow Saw
22:37 Heavy Plow
23:17 Wheelbarrow
26:50 Hand Cart
26:37 Stone Mining
26:44 Gold Mining
33:52 Imperial Age
31:57 Fletching
32:08 Padded Archer Armor
32:44 Ballistics
34:22 Gold Shaft Mining
34:22 Stone Shaft Mining
34:10 Onager
36:41 Bodkin Arrow
37:46 Siege Onager
39:27 Bracer
39:43 Leather Archer Armor
41:17 Drill
42:22 Scale Barding Armor
42:27 Forging
43:08 Light Cavalry
43:59 Bloodlines
43:50 Husbandry
44:00 Caravan
45:12 Hussar
46:16 Chain Barding Armor
46:32 Iron Casting
51:43 Chemistry
50:50 Siege Engineers
WanGGG
6:31 Loom
10:09 Feudal Age
11:32 Double-Bit Axe
13:34 Horse Collar
18:56 Castle Age
19:54 Bow Saw
19:46 Heavy Plow
23:31 Wheelbarrow
23:33 Town Watch
28:29 Imperial Age
25:53 Gold Mining
25:59 Fletching
26:10 Stone Mining
26:40 Bodkin Arrow
27:16 Ballistics
27:25 Padded Archer Armor
29:29 Leather Archer Armor
30:26 Chemistry
29:30 Bracer
30:46 Gold Shaft Mining
30:47 Heavy Cavalry Archer
31:58 Bloodlines
32:57 Husbandry
35:29 Conscription
35:52 Ring Archer Armor
34:51 Light Cavalry
36:55 Hand Cart
37:12 Scale Barding Armor
36:32 Hussar
39:17 Chain Barding Armor
40:26 Plate Barding Armor
47:20 Caravan
55:39 Forging
57:38 Iron Casting
[BPGr] AynenOyle
6:59 Loom
12:11 Feudal Age
17:42 Castle Age
19:57 Fletching
26:01 Double-Bit Axe
31:02 Bow Saw
32:58 Bodkin Arrow
35:09 Elite Skirmisher
37:28 Horse Collar
39:32 Wheelbarrow
41:07 Hand Cart
41:13 Padded Archer Armor
41:47 Thumb Ring
42:52 Ballistics
42:56 Leather Archer Armor
44:28 Stone Mining
44:28 Gold Mining
46:07 Stone Shaft Mining
48:55 Imperial Age
49:40 Bracer
50:10 Ring Archer Armor
50:42 Chemistry
50:48 Two-Man Saw
51:12 Murder Holes
54:45 Imperial Skirmisher
56:56 Imperial Skirmisher
Goku_San
7:28 Loom
10:01 Feudal Age
10:36 Double-Bit Axe
15:54 Castle Age
13:41 Horse Collar
22:28 Husbandry
23:03 Bloodlines
23:53 Gold Mining
25:03 Wheelbarrow
24:50 Bow Saw
24:55 Scale Barding Armor
26:18 Forging
26:54 Chain Barding Armor
28:03 Iron Casting
28:41 Heavy Plow
28:58 Hand Cart
29:12 Stone Mining
29:22 Town Watch
35:26 Imperial Age
34:19 Stone Shaft Mining
34:43 Vendel Legacy
35:30 Cavalier
36:49 Plate Barding Armor
37:15 Blast Furnace
36:59 Conscription
40:53 Chemistry
39:59 Siege Engineers
40:28 Crop Rotation
41:02 Two-Man Saw
41:04 Squires
40:51 Arson
41:09 Scale Mail Armor
41:48 Elite Varangian Guard
42:01 Gothikon
43:30 Chain Mail Armor
43:54 Pikeman
44:43 Halberdier
45:58 Plate Mail Armor
47:52 Capped Ram
54:11 Light Cavalry
55:02 Hussar
rower56
1:06 Loom
12:46 Feudal Age
13:25 Double-Bit Axe
13:22 Horse Collar
21:07 Castle Age
19:40 Fletching
19:50 Padded Archer Armor
20:54 Gold Mining
20:48 Man-at-Arms
21:37 Long Swordsman
22:03 Gambesons
21:42 Crossbowman
22:28 Thumb Ring
22:53 Scale Mail Armor
26:32 Stone Mining
31:17 Ballistics
32:35 Coinage
32:41 Sanctity
32:40 Bow Saw
32:32 Heavy Plow
34:29 Wheelbarrow
33:47 Elite Skirmisher
35:22 Fervor
35:25 Masonry
35:10 Murder Holes
38:13 Imperial Age
36:32 Hand Cart
40:03 Crop Rotation
40:36 Two-Man Saw
39:56 Guilds
40:20 Bodkin Arrow
40:41 Chain Mail Armor
40:36 Forging
40:16 Arbalester
40:17 Imperial Skirmisher
41:42 Block Printing
41:22 Herbal Medicine
42:03 Theocracy
40:54 Two-Handed Swordsman
42:55 Bracer
43:31 Iron Casting
44:13 Chemistry
44:03 Leather Archer Armor
44:18 Plate Mail Armor
44:23 Iron Casting
44:50 Champion
46:42 Ring Archer Armor
46:42 Plate Mail Armor
46:48 Iron Casting
46:52 Pikeman
47:18 Arson
47:42 Siege Engineers
48:07 Architecture
48:19 Architecture
53:56 Blast Furnace
58:58 Arquebus
Connection lost

Rejoining the realm…

Still unreachable

The connection could not be restored.

Session expired

The server has moved on; the page needs a fresh start.